[Event "Titled Tuesday Blitz August 22 Late 2023"]
[White "Avila Rodriguez, Joshua Ad"]
[Black "Chemin, Justo Reinaldo"]
[WhiteFideId "5126444"]
[BlackFideId "2101580"]
[WhiteElo "2425"]
[BlackElo "2287"]
[Result "1-0"]
[Round "9"]
[TimeControl "180+1"]
[Date "2023.08.22"]
[WhiteClock "0:00:08"]
[BlackClock "0:00:08"]
[Board "103"]

1. e4 e6 2. d4 d5 3. e5 c5 4. c3 Qb6 5. Nf3 Nc6 6. a3 a5 7. Bd3 Bd7 8. Bc2 Nge7 9. O-O Nf5 10. g4 Nfe7 11. dxc5 Qxc5 12. Be3 Qc4 13. h3 a4 14. Bd3 Qb3 15. Qc1 d4 16. Nbd2 Qb6 17. Nc4 Qc7 18. Nd6+ Kd8 19. Nxf7+ Ke8 20. Nd6+ Kd8 21. cxd4 Nd5 22. Nf7+ Ke8 23. Nxh8 g6 24. Bh6 Be7 25. Bg7 Kd8 26. Nf7+ Kc8 27. Qd2 Kb8 28. Rac1 Ka7 29. Be4 Rg8 30. Bh6 Be8 31. N7g5 Bxg5 32. Nxg5 Qe7 33. Rc4 Nd8 34. Rfc1 Bc6 35. Qa5+ Kb8 36. R4c2 Nf4 37. Bxc6 Nxc6 38. Qb6 Nd8 39. Rc7 Ne2+ 40. Kf1 Qf8 41. Kxe2 Qf4 42. Rc8# 1-0


[Site "https://www.chess.com"]

[Event "Titled Tuesday Blitz August 22 Late 2023"]
[White "Cardozo Munar, Carlos Eduardo"]
[Black "Carroll, Thomas"]
[WhiteFideId "4409477"]
[BlackFideId "450111"]
[WhiteElo "2287"]
[BlackElo "2418"]
[Result "1-0"]
[Round "9"]
[TimeControl "180+1"]
[Date "2023.08.22"]
[WhiteClock "0:00:17"]
[BlackClock "0:00:08"]
[Board "104"]

1. e4 e6 2. Nf3 d5 3. e5 c5 4. b4 cxb4 5. d4 Nc6 6. a3 Nge7 7. axb4 Nxb4 8. c3 Nbc6 9. Ba3 Ng6 10. h4 Bxa3 11. Nxa3 h6 12. h5 Nge7 13. Rh3 Bd7 14. Nb5 O-O 15. Bd3 Nf5 16. Bxf5 exf5 17. Nd6 f6 18. exf6 Qxf6 19. Nxb7 Rfe8+ 20. Kf1 Nd8 21. Nxd8 Rexd8 22. Ne5 Bb5+ 23. Kg1 a6 24. Rg3 Rac8 25. Rg6 Qh4 26. Qf3 Rc7 27. Qxf5 Rf8 28. Qe6+ Kh7 29. Rg3 Qxh5 30. Re1 Qf5 31. Qg6+ Qxg6 32. Nxg6 Rf6 33. Ne7 Bc4 34. Rge3 a5 35. Ra1 Ra7 36. Nc8 Ra8 37. Re8 Rc6 38. Nd6 Rxe8 39. Nxe8 Ra6 40. Nc7 Ra7 41. Ne6 a4 42. Ra3 Bb3 43. Nc5 Rb7 44. g4 Kg6 45. f4 h5 46. gxh5+ Kxh5 47. Kf2 Kg4 48. Ke3 Re7+ 49. Kd2 Kxf4 50. Nxb3 axb3 51. Rxb3 g5 52. Rb5 g4 53. Rxd5 g3 54. Rd8 g2 55. Rg8 Kf3 56. d5 Kf2 57. c4 g1=Q 58. Rxg1 Kxg1 59. d6 Rd7 60. c5 Kf2 61. Kd3 Kf3 62. Kd4 Kf4 63. Kd5 Kf5 64. c6 Ra7 65. d7 Ra1 66. c7 Rd1+ 67. Kc6 Rc1+ 68. Kb7 Rb1+ 69. Kc8 Ke6 70. d8=Q Rb6 71. Qd7+ 1-0


[Site "https://www.chess.com"]

[Event "Titled Tuesday Blitz August 22 Late 2023"]
[White "Alfaro, William"]
[Black "Romero Ruscalleda, Josep"]
[WhiteFideId "6100457"]
[BlackFideId "2231859"]
[WhiteElo "2286"]
[BlackElo "2401"]
[Result "0-1"]
[Round "9"]
[TimeControl "180+1"]
[Date "2023.08.22"]
[WhiteClock "0:00:00"]
[BlackClock "0:00:43"]
[Board "105"]

1. e4 g6 2. d4 Bg7 3. g3 d6 4. Bg2 Nc6 5. Ne2 e5 6. d5 Nce7 7. c4 f5 8. Nbc3 Nf6 9. O-O O-O 10. h4 fxe4 11. Nxe4 Nxe4 12. Bxe4 Bh3 13. Bg2 Qd7 14. Bg5 Bxg2 15. Kxg2 Nf5 16. h5 gxh5 17. Nc3 Qf7 18. Rh1 h6 19. Bd2 h4 20. Qg4 Nxg3 21. fxg3 Qf2+ 22. Kh3 Qxd2 23. Ne4 Qe3 24. Rae1 Qf3 25. Rhf1 Qxg4+ 26. Kxg4 hxg3 27. Nxg3 Rxf1 28. Rxf1 Rf8 29. Nf5 Kh7 30. Kh5 Rf6 31. b4 Bf8 32. a4 a6 33. a5 Rg6 34. Ne3 Rg5+ 35. Kh4 Be7 36. Kh3 Kg6 37. Ng4 h5 0-1


[Site "https://www.chess.com"]

[Event "Titled Tuesday Blitz August 22 Late 2023"]
[White "Akhayan, Ruben"]
[Black "Sanchez Castillo, Sarai Carolina"]
[WhiteFideId "204439"]
[BlackFideId "3900754"]
[WhiteElo "2271"]
[BlackElo "2391"]
[Result "0-1"]
[Round "9"]
[TimeControl "180+1"]
[Date "2023.08.22"]
[WhiteClock "0:00:01"]
[BlackClock "0:00:15"]
[Board "106"]

1. e4 e6 2. d4 d5 3. Nc3 Bb4 4. Qg4 Nf6 5. Qxg7 Rg8 6. Qh6 Rg6 7. Qe3 Nxe4 8. Bd2 Nxd2 9. Qxd2 Nc6 10. O-O-O Bd7 11. g3 Qf6 12. Nge2 O-O-O 13. f4 h5 14. a3 Ba5 15. Kb1 h4 16. Rg1 hxg3 17. hxg3 Rdg8 18. Qe3 Qh8 19. Nc1 Bb6 20. Nb3 Ne7 21. Bd3 Rg4 22. Ne2 a6 23. c3 Ba4 24. Bc2 Bxb3 25. Bxb3 Nf5 26. Qf3 Qg7 27. Rd3 Nd6 28. Bxd5 exd5 29. Qxd5 Qg6 30. Kc2 Qe4 31. Qxe4 Nxe4 32. Re3 f5 33. Kd3 Rh8 34. Rf3 Rh2 35. b4 c6 36. a4 Bc7 37. a5 Rf2 38. Ke3 Rxf3+ 39. Kxf3 Kd7 40. Rh1 Rg7 41. Rh5 Ke6 42. Rh6+ Kd5 43. Rh5 Nd6 44. Rh8 Kc4 45. Rf8 Kd3 46. Rf6 Re7 47. Ng1 Kxc3 48. Nh3 Kxb4 49. Ng5 Kxa5 50. Rf8 Kb4 51. Nf7 Nxf7 0-1


[Site "https://www.chess.com"]

[Event "Titled Tuesday Blitz August 22 Late 2023"]
[White "Kohler, Aran"]
[Black "Melikhov, Evgeny V."]
[WhiteFideId "1002856"]
[BlackFideId "4122046"]
[WhiteElo "2261"]
[BlackElo "2387"]
[Result "0-1"]
[Round "9"]
[TimeControl "180+1"]
[Date "2023.08.22"]
[WhiteClock "0:00:00"]
[BlackClock "0:00:35"]
[Board "107"]

1. d4 Nf6 2. Nf3 d5 3. Bf4 c5 4. e3 Nc6 5. c3 Bg4 6. Be2 e6 7. Nbd2 cxd4 8. exd4 Bd6 9. Ne5 Bxe2 10. Qxe2 Bxe5 11. dxe5 Nd7 12. Nf3 O-O 13. O-O Qc7 14. Rfe1 Rac8 15. Bg3 Na5 16. Rad1 Qc4 17. Qxc4 Nxc4 18. Re2 b5 19. Nd4 a6 20. f4 g6 21. Bh4 Rfe8 22. g4 Nc5 23. b3 Nb6 24. Re3 Ne4 25. Be1 Re7 26. Kg2 Rec7 27. Rdd3 Nd7 28. Kf3 Rb7 29. Rd1 a5 30. Rxe4 dxe4+ 31. Kxe4 b4 32. c4 Nc5+ 33. Ke3 Rd7 34. f5 Rcd8 35. f6 Kf8 36. Bf2 Ke8 37. Kf4 h6 38. h4 a4 39. g5 h5 40. Re1 Rxd4+ 41. Bxd4 Rxd4+ 42. Ke3 Rd3+ 43. Ke2 axb3 44. axb3 Rxb3 45. Ra1 Ra3 46. Rd1 b3 47. Rd6 b2 48. Rb6 Rb3 49. Rc6 b1=Q 0-1


[Site "https://www.chess.com"]

[Event "Titled Tuesday Blitz August 22 Late 2023"]
[White "Haitin, Ilja"]
[Black "tomobeast"]
[WhiteFideId "4501764"]
[WhiteElo "2372"]
[BlackElo "2223"]
[Result "0-1"]
[Round "9"]
[TimeControl "180+1"]
[Date "2023.08.22"]
[WhiteClock "0:00:00"]
[BlackClock "0:00:50"]
[Board "108"]

1. Nf3 d5 2. e3 c5 3. b3 Nc6 4. Bb5 Bd7 5. Bb2 Nf6 6. O-O e6 7. Bxc6 Bxc6 8. Ne5 Bd6 9. f4 O-O 10. d3 Qc7 11. Nd2 Nd7 12. Nxc6 Qxc6 13. Qg4 f6 14. Rae1 e5 15. f5 b5 16. e4 d4 17. Ra1 Nb6 18. Qe2 Rfc8 19. g4 c4 20. Bc1 a5 21. g5 fxg5 22. f6 cxd3 23. cxd3 g6 24. Qg4 h6 25. h4 Bf8 26. h5 Qd7 27. Qxd7 Nxd7 28. hxg6 Rc6 29. f7+ Kg7 30. Nf3 Kxg6 31. Bb2 Rac8 32. Kg2 Rc2+ 33. Rf2 Rxf2+ 34. Kxf2 Rc2+ 35. Kg3 Rxb2 36. Rc1 Kxf7 37. Rc7 Ke6 38. Rc6+ Bd6 39. Ra6 Rxa2 40. Nh2 h5 41. Nf3 h4+ 42. Kg4 Rg2+ 43. Kh5 h3 44. Nxg5+ Rxg5+ 45. Kxg5 h2 0-1


[Site "https://www.chess.com"]

[Event "Titled Tuesday Blitz August 22 Late 2023"]
[White "Seresin, Francesco"]
[Black "Penagalapati, Abhinav"]
[WhiteFideId "886335"]
[BlackFideId "30938210"]
[WhiteElo "2370"]
[BlackElo "2250"]
[Result "1-0"]
[Round "9"]
[TimeControl "180+1"]
[Date "2023.08.22"]
[WhiteClock "0:00:26"]
[BlackClock "0:00:04"]
[Board "109"]

1. d4 d5 2. c4 c6 3. cxd5 cxd5 4. Nc3 Nf6 5. Bf4 Nc6 6. e3 a6 7. Bd3 e6 8. Rc1 Bd6 9. Bg3 O-O 10. a3 Re8 11. Nf3 e5 12. dxe5 Nxe5 13. O-O Nxf3+ 14. gxf3 Bxg3 15. hxg3 Qd6 16. Ne2 Nd7 17. Qc2 g6 18. Qc7 Qf6 19. Nd4 Ne5 20. Be2 Bh3 21. Rfd1 Re7 22. Qc3 Rc8 23. Qb3 Rd8 24. f4 Ng4 25. Bf3 h5 26. Rc5 h4 27. Bxg4 Bxg4 28. f3 hxg3 29. fxg4 Qh4 30. Rd2 Rde8 31. Nc2 Qh3 32. Qxd5 Qxg4 33. Qg2 Qh4 34. Rg5 Rc7 35. Qxg3 Qh7 36. Rgd5 Rec8 37. Rd8+ Kg7 38. Rxc8 Rxc8 39. f5 Qh5 40. fxg6 Qxg6 41. Qxg6+ 1-0


[Site "https://www.chess.com"]

[Event "Titled Tuesday Blitz August 22 Late 2023"]
[White "KorolDimitriy75"]
[Black "Osmonbekov, Talaibek"]
[BlackFideId "2017253"]
[WhiteElo "2352"]
[BlackElo "2209"]
[Result "0-1"]
[Round "9"]
[TimeControl "180+1"]
[Date "2023.08.22"]
[WhiteClock "0:00:00"]
[BlackClock "0:01:41"]
[Board "111"]

1. d4 e6 2. c4 f5 3. g3 Nf6 4. Bg2 Be7 5. Nc3 O-O 6. Nf3 d6 7. O-O a5 8. Re1 Ne4 9. Qc2 Nxc3 10. Qxc3 Nc6 11. e4 e5 12. dxe5 dxe5 13. exf5 Bb4 14. Qe3 Bxe1 15. Qxe1 Bxf5 16. Bg5 Qe8 17. h3 Bd3 18. b3 e4 19. Nd2 Nd4 20. Rc1 Ne2+ 21. Kh2 Nxc1 22. Qxc1 Rxf2 23. Be3 Re2 24. Qg1 a4 25. Kh1 axb3 26. Nxb3 Raxa2 27. Bf1 Rh2+ 28. Qxh2 Rxh2+ 29. Kxh2 Bxf1 30. Nd4 Bxc4 31. h4 b5 32. h5 b4 33. h6 gxh6 0-1


[Site "https://www.chess.com"]

[Event "Titled Tuesday Blitz August 22 Late 2023"]
[White "rionelG"]
[Black "Novikova, Margarita"]
[BlackFideId "14109689"]
[WhiteElo "2350"]
[BlackElo "2181"]
[Result "0-1"]
[Round "9"]
[TimeControl "180+1"]
[Date "2023.08.22"]
[WhiteClock "0:00:13"]
[BlackClock "0:01:32"]
[Board "112"]

1. e4 d5 2. exd5 Qxd5 3. Nc3 Qd6 4. d4 Nf6 5. Bc4 a6 6. Nf3 b5 7. Bb3 Bb7 8. O-O e6 9. Ne5 Nc6 10. Bf4 Qxd4 11. Nxc6 Qxd1 12. Raxd1 Bxc6 13. Bxc7 Be7 14. a4 b4 15. Ne2 O-O 16. Nd4 Bd5 17. Be5 Bxb3 18. Nxb3 Nd5 19. Rd2 Rac8 20. Rfd1 Rc4 21. g3 h5 22. f4 h4 23. f5 Ne3 24. Rd7 Nxf5 25. R1d4 Nxd4 26. Nxd4 Bc5 27. Kg2 Bxd4 28. Bxd4 Rxc2+ 29. Kh3 hxg3 30. hxg3 Rd2 0-1


[Site "https://www.chess.com"]

[Event "Titled Tuesday Blitz August 22 Late 2023"]
[White "Martinez, Shawn"]
[Black "Kula, Robert"]
[WhiteFideId "2039770"]
[BlackFideId "1101218"]
[WhiteElo "2343"]
[BlackElo "2157"]
[Result "0-1"]
[Round "9"]
[TimeControl "180+1"]
[Date "2023.08.22"]
[WhiteClock "0:00:00"]
[BlackClock "0:00:30"]
[Board "113"]

1. e4 c5 2. Nc3 Nc6 3. Bb5 Nd4 4. Nf3 g6 5. O-O Bg7 6. Nxd4 cxd4 7. Ne2 Qb6 8. Bd3 Nf6 9. c3 dxc3 10. dxc3 O-O 11. Qc2 Ng4 12. h3 Ne5 13. Be3 Qc7 14. Bf4 d6 15. Rad1 Be6 16. b3 Rfc8 17. c4 b5 18. Nc3 bxc4 19. bxc4 Nxd3 20. Rxd3 Bxc4 21. Nd5 Qd7 22. Rc3 Bxf1 23. Rxc8+ Rxc8 24. Qxc8+ Qxc8 25. Nxe7+ Kh8 26. Nxc8 Bc4 27. Nxd6 Bxa2 28. Bd2 a6 29. f4 Bd4+ 30. Kf1 Bc5 31. e5 Kg8 32. g4 Kf8 33. Kg2 Ke7 34. Nb7 Bd5+ 35. Kg3 Bxb7 36. f5 Bd4 37. Kf4 g5+ 38. Kxg5 Bxe5 39. Bb4+ Ke8 40. Kh6 Bg2 41. h4 Bh3 42. Kg5 f6+ 43. Kh5 Kf7 44. Bd2 Bc7 0-1


[Site "https://www.chess.com"]

[Event "Titled Tuesday Blitz August 22 Late 2023"]
[White "Harish, Neeraj"]
[Black "Castillo Pena, Patricia Evarista"]
[WhiteFideId "30958130"]
[BlackFideId "6412106"]
[WhiteElo "2341"]
[BlackElo "1963"]
[Result "1/2-1/2"]
[Round "9"]
[TimeControl "180+1"]
[Date "2023.08.22"]
[WhiteClock "0:00:07"]
[BlackClock "0:00:02"]
[Board "114"]

1. e4 c5 2. Nf3 d6 3. d4 cxd4 4. Nxd4 Nf6 5. Nc3 a6 6. Bd3 e5 7. Nde2 Be6 8. Ng3 Be7 9. O-O O-O 10. Nd5 Nbd7 11. c4 Rc8 12. Nf5 Bxf5 13. exf5 Nb6 14. Nxb6 Qxb6 15. b3 e4 16. Bc2 Rfd8 17. Be3 Qa5 18. Qe1 Qxf5 19. f3 Qh5 20. fxe4 Ng4 21. Bf4 Bg5 22. h3 Bxf4 23. Rxf4 Ne5 24. Qf2 Rf8 25. Rd1 Qg6 26. Rd5 b5 27. cxb5 axb5 28. Qd2 b4 29. Bd3 Rc3 30. Kh2 Rfc8 31. Bf1 h5 32. Rxd6 Qg3+ 33. Kh1 Rc2 34. Qd5 Qxf4 35. Rd8+ Rxd8 36. Qxd8+ Kh7 37. Qd1 Rf2 38. Qxh5+ Kg8 39. Bc4 Rf1+ 40. Bxf1 Qxf1+ 41. Kh2 Qf4+ 42. Kh1 Qf1+ 43. Kh2 Qf4+ 44. Kh1 Nd3 45. Qd5 Qf1+ 46. Kh2 Qf4+ 47. Kg1 Qf2+ 48. Kh2 Nf4 49. Qd8+ Kh7 50. Qg5 Ne2 51. Qh5+ Kg8 52. h4 Qg3+ 53. Kh1 Qe1+ 54. Kh2 Qg3+ 55. Kh1 Qe1+ 56. Kh2 Qg3+ 1/2-1/2


[Site "https://www.chess.com"]

[Event "Titled Tuesday Blitz August 22 Late 2023"]
[White "Shapiro, Daniel"]
[Black "Fiorito, Joaquin"]
[WhiteFideId "2001780"]
[BlackFideId "180173"]
[WhiteElo "2281"]
[BlackElo "2581"]
[Result "0-1"]
[Round "9"]
[TimeControl "180+1"]
[Date "2023.08.22"]
[WhiteClock "0:00:00"]
[BlackClock "0:02:02"]
[Board "115"]

1. d4 Nf6 2. c4 e6 3. g3 d5 4. Nf3 Bb4+ 5. Bd2 a5 6. Bg2 O-O 7. Qc2 c5 8. dxc5 d4 9. Bxb4 axb4 10. Nbd2 Nc6 11. O-O Qe7 12. Nb3 e5 13. Ng5 h6 14. Ne4 Nxe4 15. Bxe4 Be6 16. Rfe1 Na5 17. e3 Nxb3 18. Qxb3 Qxc5 19. exd4 exd4 20. Rac1 Rab8 21. Bd5 Bf5 22. Qf3 Bg6 23. Rcd1 b5 24. b3 Rbd8 25. Re5 Qc7 26. Rde1 bxc4 27. Bxc4 d3 28. R5e3 d2 29. Rd1 Bc2 30. Qe2 Bxd1 31. Qxd1 Rd4 32. Re2 Rfd8 33. f4 Qc5 34. Kf1 h5 35. Rf2 h4 36. Re2 h3 37. Rf2 Rxc4 38. bxc4 Qxc4+ 39. Re2 Qc1 0-1


[Site "https://www.chess.com"]

[Event "Titled Tuesday Blitz August 22 Late 2023"]
[White "Magallanes, Rey Jomar"]
[Black "Ismayil, Malak"]
[WhiteFideId "5205948"]
[BlackFideId "13412604"]
[WhiteElo "2254"]
[BlackElo "2484"]
[Result "0-1"]
[Round "9"]
[TimeControl "180+1"]
[Date "2023.08.22"]
[WhiteClock "0:02:16"]
[BlackClock "0:02:30"]
[Board "116"]

1. e4 e5 2. Nf3 Nc6 3. Bc4 Bc5 4. d3 Nf6 5. c3 O-O 6. a4 a6 7. b4 Bb6 8. a5 Ba7 9. O-O h6 10. h3 d6 11. Nbd2 Be6 12. Re1 Re8 13. Qb3 d5 14. exd5 Bxd5 15. Bxd5 Qxd5 16. Qxd5 Nxd5 17. Bb2 Nf4 18. Re4 Nxd3 19. Ba3 Nxf2 20. Ree1 0-1


[Site "https://www.chess.com"]

[Event "Titled Tuesday Blitz August 22 Late 2023"]
[White "Merino Garcia, Rafael II"]
[Black "KSho99"]
[WhiteFideId "2209128"]
[WhiteElo "2351"]
[BlackElo "2224"]
[Result "0-1"]
[Round "9"]
[TimeControl "180+1"]
[Date "2023.08.22"]
[WhiteClock "0:00:02"]
[BlackClock "0:00:29"]
[Board "117"]

1. d4 e6 2. Nf3 f5 3. Nc3 Nf6 4. Bg5 Be7 5. Bxf6 Bxf6 6. e4 d5 7. e5 Be7 8. h4 c5 9. Bb5+ Nc6 10. a4 Bd7 11. Ne2 a6 12. Bxc6 Bxc6 13. Nf4 Bd7 14. c3 Qb6 15. Qd2 Rc8 16. O-O O-O 17. Ng5 cxd4 18. Qxd4 Qxd4 19. cxd4 Bxg5 20. hxg5 Rc4 21. Rfd1 Rfc8 22. b3 Rc3 23. Rab1 b5 24. axb5 Bxb5 25. Rd2 Kf7 26. g3 Rc1+ 27. Rxc1 Rxc1+ 28. Kg2 Rb1 29. Rc2 Bf1+ 30. Kf3 Rxb3+ 0-1


[Site "https://www.chess.com"]

[Event "Titled Tuesday Blitz August 22 Late 2023"]
[White "Navyblue1"]
[Black "Hercegovac, Neven"]
[BlackFideId "2839135"]
[WhiteElo "2047"]
[BlackElo "2306"]
[Result "1/2-1/2"]
[Round "9"]
[TimeControl "180+1"]
[Date "2023.08.22"]
[WhiteClock "0:00:19"]
[BlackClock "0:00:13"]
[Board "118"]

1. d4 Nf6 2. c4 g6 3. Nc3 d5 4. Nf3 Bg7 5. Qb3 dxc4 6. Qxc4 O-O 7. e4 Nc6 8. d5 Na5 9. Qa4 c6 10. dxc6 Nxc6 11. Be3 a6 12. a3 Bd7 13. Qc2 Rc8 14. Be2 Qa5 15. O-O Rfd8 16. Rad1 Ng4 17. Bf4 Nce5 18. Nxe5 Nxe5 19. Rd5 Qc7 20. Rfd1 Bc6 21. Rxd8+ Rxd8 22. Rxd8+ Qxd8 23. h3 Qd4 24. Be3 Qd6 25. Qd2 Qxd2 26. Bxd2 e6 27. Kf1 b5 28. Be3 Nc4 29. Bxc4 bxc4 30. f3 Kf8 31. Ke2 Ke8 32. Kd2 Kd7 33. Bc5 Be5 34. Be3 f6 35. Kc2 g5 36. b3 cxb3+ 37. Kxb3 h5 38. Kc4 g4 39. hxg4 hxg4 40. Bd4 gxf3 41. gxf3 Bxd4 42. Kxd4 e5+ 43. Kc5 Bb7 44. Kb6 Kc8 45. a4 f5 46. a5 f4 47. Kc5 Kc7 48. Nd5+ Kd7 49. Nb6+ Ke7 50. Nc4 Ke6 51. Nd6 Ba8 52. Nc4 Bb7 53. Nd6 Ba8 54. Nc4 Bb7 1/2-1/2


[Site "https://www.chess.com"]

[Event "Titled Tuesday Blitz August 22 Late 2023"]
[White "Hilby, Craig"]
[Black "Vanek, Tomas"]
[WhiteFideId "2062674"]
[BlackFideId "313459"]
[WhiteElo "2649"]
[BlackElo "2216"]
[Result "1-0"]
[Round "9"]
[TimeControl "180+1"]
[Date "2023.08.22"]
[WhiteClock "0:00:52"]
[BlackClock "0:00:04"]
[Board "119"]

1. e4 c5 2. Nf3 Nc6 3. d4 cxd4 4. Nxd4 Nf6 5. Nc3 e5 6. Ndb5 d6 7. Nd5 Nxd5 8. exd5 Nb8 9. a4 a6 10. Na3 Be7 11. Be2 O-O 12. Nc4 b6 13. Be3 Nd7 14. O-O Bb7 15. b4 b5 16. Na5 Rb8 17. axb5 axb5 18. Bxb5 Ba8 19. c4 f5 20. Nc6 Bxc6 21. dxc6 Nf6 22. Ra7 Ra8 23. c7 Qc8 24. Ba6 Qe6 25. Rxa8 Rxa8 26. Bb7 Rf8 27. Bg5 Qxc4 28. Bxf6 Qxc7 29. Bxe7 Qxe7 30. Bd5+ Kh8 31. b5 e4 32. b6 f4 33. Qg4 f3 34. b7 fxg2 35. Kxg2 Qe5 36. Rb1 Qxd5 37. b8=Q e3+ 38. f3 Qd2+ 39. Kh3 Rg8 40. Qxg8+ Kxg8 41. Qe6+ 1-0


[Site "https://www.chess.com"]

[Event "Titled Tuesday Blitz August 22 Late 2023"]
[White "reevecanada"]
[Black "Ai, Evan"]
[BlackFideId "2094770"]
[WhiteElo "2502"]
[BlackElo "2254"]
[Result "1-0"]
[Round "9"]
[TimeControl "180+1"]
[Date "2023.08.22"]
[WhiteClock "0:01:38"]
[BlackClock "0:00:02"]
[Board "120"]

1. e4 c5 2. Nf3 d6 3. Bb5+ Nd7 4. d4 cxd4 5. Nxd4 Nf6 6. O-O a6 7. Bd3 g6 8. Re1 Bg7 9. c4 Qc7 10. Nc3 b6 11. Bf1 Bb7 12. b3 O-O 13. Bb2 e6 14. Rc1 Rad8 15. f3 Qb8 16. Qe2 d5 17. cxd5 exd5 18. exd5 Nxd5 19. Nxd5 Bxd5 20. Qxa6 Nc5 21. Qe2 Rfe8 22. Qf2 Rxe1 23. Rxe1 Bb7 24. Ba1 Qf4 25. Rd1 Bh6 26. b4 Nd7 27. Ne2 Qe3 28. Bf6 Nxf6 29. Rxd8+ Kg7 30. Qxe3 Bxe3+ 31. Kh1 Nd5 32. a3 Bg5 33. Rd7 Bc6 34. Rd6 Bb7 35. Nd4 Ne3 36. Rd7 Bc8 37. Rc7 Nxf1 38. Rxc8 Bc1 39. Rxc1 1-0


[Site "https://www.chess.com"]

[Event "Titled Tuesday Blitz August 22 Late 2023"]
[White "Ochkoos, Jura"]
[Black "Matthew_Clarke"]
[WhiteFideId "2601214"]
[WhiteElo "2377"]
[BlackElo "2252"]
[Result "1-0"]
[Round "9"]
[TimeControl "180+1"]
[Date "2023.08.22"]
[WhiteClock "0:00:30"]
[BlackClock "0:00:02"]
[Board "121"]

1. e4 c5 2. Nf3 d6 3. d4 cxd4 4. Nxd4 Nf6 5. Nc3 a6 6. Bg5 Nbd7 7. g4 Qa5 8. Bd2 Nxe4 9. Nxe4 Qe5 10. Qe2 Qxd4 11. O-O-O Nc5 12. Bg2 Nxe4 13. Bxe4 Qb6 14. Bc3 Be6 15. f4 Bxg4 16. Qxg4 Qe3+ 17. Kb1 Qxe4 18. Rhe1 Qc6 19. f5 Rc8 20. Rd2 h5 21. Qg5 Qb5 22. Bxg7 Rg8 23. Rde2 Rxg7 24. Rxe7+ Bxe7 25. Qxe7# 1-0


[Site "https://www.chess.com"]

[Event "Titled Tuesday Blitz August 22 Late 2023"]
[White "Bullen, Alex"]
[Black "Fernandez Bustamante, Leancy B."]
[WhiteFideId "1801627"]
[BlackFideId "3523870"]
[WhiteElo "2327"]
[BlackElo "2248"]
[Result "0-1"]
[Round "9"]
[TimeControl "180+1"]
[Date "2023.08.22"]
[WhiteClock "0:00:00"]
[BlackClock "0:01:04"]
[Board "122"]

1. d4 c5 2. d5 d6 3. Nc3 e5 4. e4 Nf6 5. a4 g6 6. Nf3 Bg7 7. h3 O-O 8. Nd2 Ne8 9. Bd3 f5 10. Nc4 f4 11. h4 Nf6 12. h5 Bg4 13. Be2 Bxe2 14. Qxe2 Nxh5 15. Rxh5 gxh5 16. Qxh5 Rf6 17. Qg5 Qf8 18. Qh4 Na6 19. Bd2 Rh6 20. Qg5 Rh1+ 21. Ke2 Rxa1 22. Nb5 Rd8 23. Bc3 Rxa4 24. b3 Ra2 25. Kd2 Nb4 26. Nxe5 Rxc2+ 27. Kd1 Rxc3 28. Nc7 Qf6 29. Qh5 Qxe5 0-1


[Site "https://www.chess.com"]

[Event "Titled Tuesday Blitz August 22 Late 2023"]
[White "Bazzano, Sebastian"]
[Black "Okike, David"]
[WhiteFideId "104566"]
[BlackFideId "8500134"]
[WhiteElo "2231"]
[BlackElo "2321"]
[Result "0-1"]
[Round "9"]
[TimeControl "180+1"]
[Date "2023.08.22"]
[WhiteClock "0:00:05"]
[BlackClock "0:01:39"]
[Board "123"]

1. d4 Nf6 2. Bf4 c5 3. dxc5 Qa5+ 4. c3 Qxc5 5. Qd4 Qxd4 6. cxd4 Nc6 7. Nf3 d6 8. Nc3 Bd7 9. e3 a6 10. Be2 g6 11. h3 Bg7 12. O-O O-O 13. Rac1 Rfc8 14. Rfd1 h6 15. e4 g5 16. Be3 b5 17. e5 Ne8 18. Ne4 Bf5 19. Ng3 Bg6 20. exd6 Nxd6 21. a3 Na5 22. Ne5 Bxe5 23. dxe5 Ndc4 24. Bf3 Nxe3 25. Bxa8 Rxa8 26. fxe3 Nc4 27. e4 Nxe5 28. b3 e6 29. Rc5 f6 30. Rc7 Be8 31. Rdc1 Bd7 32. Rb7 Kf8 33. Rcc7 Ke8 34. Nh5 Bc8 35. Nxf6+ Kd8 36. Ra7 Rxa7 37. Rb7 Bxb7 0-1


[Site "https://www.chess.com"]

[Event "Titled Tuesday Blitz August 22 Late 2023"]
[White "Zampronha, Wladimir Camilo"]
[Black "campochess"]
[WhiteFideId "2103087"]
[WhiteElo "2290"]
[BlackElo "2196"]
[Result "1-0"]
[Round "9"]
[TimeControl "180+1"]
[Date "2023.08.22"]
[WhiteClock "0:01:03"]
[BlackClock "0:01:17"]
[Board "124"]

1. e4 c5 2. Nf3 Nc6 3. d4 cxd4 4. Nxd4 e5 5. Nb5 a6 6. Nd6+ Bxd6 7. Qxd6 Qe7 8. Qxe7+ Ngxe7 9. Nc3 d5 10. Bd3 dxe4 11. Nxe4 O-O 12. O-O Bf5 13. Re1 f6 14. Bd2 Kh8 15. Nc5 Bxd3 16. Nxd3 Rfd8 17. Be3 Nf5 18. Bb6 Rd5 19. Nc5 Nb4 20. Rec1 Rd2 21. Ba5 Nxc2 22. Bxd2 Nxa1 23. Rxa1 b6 24. Na4 b5 25. Nc5 Rd8 26. Be3 Rd6 27. b4 h5 28. h3 Nxe3 29. fxe3 Kh7 30. a4 Kg6 31. axb5 axb5 32. Ra5 Rd2 33. Rxb5 Re2 34. e4 h4 35. Rb7 Kh6 36. b5 Rc2 37. Ne6 g5 38. Ng7 g4 39. Nf5+ Kg5 40. Rg7+ Kf4 41. Rxg4# 1-0


[Site "https://www.chess.com"]

[Event "Titled Tuesday Blitz August 22 Late 2023"]
[White "Vaglio Munoz, Jaime"]
[Black "Petersson, Kjell"]
[WhiteFideId "6500145"]
[BlackFideId "1705148"]
[WhiteElo "2280"]
[BlackElo "2167"]
[Result "1-0"]
[Round "9"]
[TimeControl "180+1"]
[Date "2023.08.22"]
[WhiteClock "0:01:05"]
[BlackClock "0:00:03"]
[Board "125"]

1. e4 c5 2. a3 e5 3. Bc4 Nc6 4. Nf3 d6 5. d3 a6 6. Ng5 Nh6 7. f4 b5 8. Bd5 Qc7 9. fxe5 dxe5 10. O-O f6 11. Ne6 Bxe6 12. Bxe6 Nf7 13. Bd5 Rd8 14. Nc3 Be7 15. Qh5 g6 16. Qh3 b4 17. axb4 Nxb4 18. Bc4 Ra8 19. Nd5 Nxd5 20. Bxd5 Ra7 21. Qe6 Rf8 22. Rxa6 Rxa6 23. Qxa6 Nd8 24. Bh6 c4 25. Bxf8 Kxf8 26. Bxc4 Qc5+ 27. Kh1 Kg7 28. h3 Nc6 29. Qb7 Nd4 30. Qc8 Qxc8 31. c3 Ne2 32. Rf2 Ng3+ 33. Kh2 Nh5 34. g3 Qc5 35. Re2 Bd6 36. b4 Qa7 37. Kg2 f5 38. Bd5 fxe4 39. Bxe4 Nf6 40. Bc6 Qb6 41. b5 Bc5 42. g4 Bd6 43. c4 Qd4 44. Rd2 Qf4 45. Rf2 Qe3 46. Rf3 Qe2+ 47. Kg1 Qxd3 48. Rxd3 Bc5+ 49. Kg2 e4 50. Rd1 e3 51. Kf3 h5 52. g5 Nh7 53. Rd7+ Kh8 54. Rd5 Bb6 55. c5 Ba5 56. b6 Bd2 57. b7 Nf8 58. b8=Q 1-0


[Site "https://www.chess.com"]

[Event "Titled Tuesday Blitz August 22 Late 2023"]
[White "Mikhaylova, Irina"]
[Black "Quirke, Jeffrey"]
[WhiteFideId "4109040"]
[BlackFideId "2013029"]
[WhiteElo "2276"]
[BlackElo "2166"]
[Result "1-0"]
[Round "9"]
[TimeControl "180+1"]
[Date "2023.08.22"]
[WhiteClock "0:00:50"]
[BlackClock "0:00:00"]
[Board "126"]

1. d4 e6 2. c4 Nf6 3. Nf3 b6 4. a3 Bb7 5. Nc3 d5 6. cxd5 exd5 7. Bg5 Be7 8. e3 O-O 9. Bd3 h6 10. Bh4 Nbd7 11. O-O Re8 12. Rc1 a6 13. Qc2 c5 14. Rfd1 Ne4 15. Bxe7 Qxe7 16. dxc5 bxc5 17. Bxe4 dxe4 18. Ne1 Ne5 19. Nd5 Qh4 20. Nc7 Nd3 21. Nxe8 Nxc1 22. Nd6 Nd3 23. Nxb7 1-0


[Site "https://www.chess.com"]

[Event "Titled Tuesday Blitz August 22 Late 2023"]
[White "Arias Igual, Alejandro"]
[Black "miraitrunks"]
[WhiteFideId "2254905"]
[WhiteElo "2266"]
[BlackElo "1986"]
[Result "1-0"]
[Round "9"]
[TimeControl "180+1"]
[Date "2023.08.22"]
[WhiteClock "0:01:29"]
[BlackClock "0:01:18"]
[Board "127"]

1. e4 c5 2. Nf3 Nc6 3. Bb5 e6 4. O-O Nf6 5. Re1 Be7 6. c3 O-O 7. d4 cxd4 8. cxd4 d5 9. e5 Ne4 10. Nc3 Nxc3 11. bxc3 Qa5 12. Bd3 g6 13. Bd2 Qc7 14. h4 h5 15. Bg5 Bxg5 16. Nxg5 Na5 17. Re3 Nc4 18. Rg3 Kg7 19. Nh3 Nb2 20. Qe2 Nxd3 21. Qxd3 Qe7 22. Rg5 f5 23. Nf4 Kh7 24. Nxg6 1-0


[Site "https://www.chess.com"]